 Dungeon Crawl Stone Soup version 0.31-a0-174-g85c54bcb58 (webtiles) character file.

Game seed: 15875901302099404646

91 qw the Shooter (level 4, 0/28 HPs)
             Began as a Gargoyle Hunter on June 15, 2023.
             Slain by Pargi (1 damage)
             ... on level 3 of the Dungeon.
             The game lasted 00:00:47 (1865 turns).

qw the Shooter (Gargoyle Hunter)                    Turns: 1865, Time: 00:00:48

Health: 0/28       AC:  6    Str: 14    XL:     4   Next: 59%
Magic:  4/4        EV: 11    Int: 10    God:
Gold:   149        SH:  0    Dex: 15    Spells: 3/3 levels left

rFire   . . .        Y - +0 shortbow
rCold   . . .        (shield currently unavailable)
rNeg    + . .        c - +0 leather armour
rPois   inf          (no helmet)
rElec   +            (no cloak)
rCorr   .            (no gloves)
SInv    .            (no boots)
Will    .....        (no amulet)
Stlth   ++           (no ring)
HPRegen 0.24/turn    (no ring)
MPRegen 0.09/turn

%: no passive effects
@: no status effects
A: sickness immunity, AC +3, negative energy resistance 1, electricity
resistance, torment resistance 1, petrification resistance
a: no special abilities


You were on level 3 of the Dungeon.
You visited 1 branch of the dungeon, and saw 3 of its levels.

You collected 149 gold pieces.


Innate Abilities, Weirdness & Mutations

You are immune to sickness and miasma.
Your stone body is resilient. (AC +3)
You are immune to poison.
You resist negative energy. (rN+)
You are resistant to electric shocks. (rElec)
You are resistant to unholy torment.
You are immune to petrification.


   Skills:
 - Level 3.0 Fighting
 + Level 5.5 Ranged Weapons
 - Level 1.5 Dodging
 - Level 1.1 Stealth


You had 3 spell levels left.
You didn't know any spells.
Your spell library was empty.

Inventory:

Hand Weapons
 Y - a +0 shortbow (weapon)
Armour
 c - a +0 leather armour (worn)
 d - a +0 ring mail
Scrolls
 b - a scroll of blinking {unknown}
 g - 2 scrolls of identify
Potions
 a - a potion of ambrosia {unknown}

Dungeon Overview and Level Annotations

Branches:
Dungeon (3/15)

Altars:
Vehumet

Annotations:
D:3 Pargi


Message History

You shoot an arrow. The arrow closely misses Pargi.
Pargi misses you. Pargi closely misses you. Pargi misses you.
You shoot an arrow. The arrow completely misses Pargi.
Pargi bites you but does no damage. Pargi claws you but does no damage.
Pargi barely misses you.
You shoot an arrow. The arrow closely misses Pargi.
Pargi bites you. Pargi claws you but does no damage. Pargi barely misses you.
You shoot an arrow.
The arrow hits Pargi but does no damage.
Pargi closely misses you. Pargi completely misses you.
Pargi closely misses you.
You shoot an arrow. The arrow hits Pargi.
Pargi is lightly wounded.
Pargi closely misses you. Pargi claws you but does no damage. x2
Pargi bites you but does no damage. Pargi claws you. Pargi barely misses you.
You shoot an arrow. The arrow completely misses Pargi.
Pargi closely misses you. Pargi claws you. Pargi claws you but does no damage.
1858 ||| DRINKING potion of heal wounds.
You feel much better. Pargi bites you! Pargi claws you.
Pargi claws you but does no damage.
You shoot an arrow.
The arrow hits Pargi but does no damage.
Pargi is lightly wounded.
Pargi barely misses you. x2; Pargi claws you.
You shoot an arrow. The arrow hits Pargi!
Pargi is moderately wounded.
Pargi closely misses you. x2; Pargi claws you but does no damage.
You shoot an arrow. The arrow closely misses Pargi.
Pargi bites you but does no damage. Pargi closely misses you.
Pargi claws you but does no damage.
You shoot an arrow. The arrow closely misses Pargi.
Pargi bites you. Pargi claws you but does no damage. Pargi barely misses you.
You shoot an arrow. The arrow closely misses Pargi.
Pargi bites you but does no damage. Pargi claws you but does no damage. x2
You shoot an arrow. The arrow misses Pargi.
Pargi bites you. Pargi barely misses you. Pargi claws you. Pargi bites you!
Pargi completely misses you. Pargi closely misses you.
You shoot an arrow. The arrow closely misses Pargi.
Pargi looks around nervously.
Pargi bites you. Pargi claws you.
You die...

# #.######## .#......
..##.. #.##.# ###.##T#
#. #.....@## #.
#.#.##..# ...
#.##P#....## ...#
#..~7~..#.# ...#
#~~~.....# ...#
##~77#.#.##
...#######PP##....#
..8. ...##..##....+
..8####.#.#.##.#.#.....


You could see Pargi.

Vanquished Creatures
  3 adders
  2 worms (D:2)
  A dart slug (D:1)
  2 ball pythons (D:2)
  3 bats
  3 endoplasms (D:2)
  2 giant cockroaches
  3 goblins (D:2)
  11 hobgoblins
  11 jackals (D:2)
  3 frilled lizards
  2 kobolds
  4 rats (D:1)
50 creatures vanquished.

Notes
Turn   | Place    | Note
-------+----------+-------------------------------------------
     0 | D:1      | qw the Gargoyle Hunter began the quest for the Orb.
     0 | D:1      | Reached XP level 1. HP: 12/12 MP: 1/1
     0 | D:1      | 0 ||| qw: Version: 0.2-a-29-g511e9b1
     0 | D:1      | 0 ||| qw: Game counter: 5472
     0 | D:1      | 0 ||| qw: Always use a shield: true
     0 | D:1      | 0 ||| qw: God list: Okawaru
     0 | D:1      | 0 ||| qw: Allow faded altars: false
     0 | D:1      | 0 ||| qw: Do Orc after D:15 true
     0 | D:1      | 0 ||| qw: Do second Lair branch before Depths: true
     0 | D:1      | 0 ||| qw: Lair rune preference: random
     0 | D:1      | 0 ||| qw: Plans: Normal, Zot:1-4, Slime:5, God:TSO, Crypt,
                  | Tomb, Abyss, Pan, Hells, Win
     0 | D:1      | 0 ||| PLANNING D:1-11
    99 | D:1      | Found a faded altar of an unknown god.
   170 | D:1      | Reached XP level 2. HP: 17/17 MP: 2/2
   837 | D:1      | 837 ||| READING scroll labelled KEFOAF QIUSOZUCWYA.
   838 | D:1      | 838 ||| READING 2 scrolls labelled SOMUES CIERCH.
   839 | D:1      | 839 ||| DROPPING scroll of butterflies.
   840 | D:1      | 840 ||| DROPPING scroll of noise.
   906 | D:2      | Reached XP level 3. HP: 21/21 MP: 3/3
   937 | D:2      | Reached skill level 5 in Ranged Weapons
  1045 | D:2      | Reached skill level 3 in Fighting
  1087 | D:2      | Reached XP level 4. HP: 21/28 MP: 4/4
  1125 | D:2      | Found a radiant altar of Vehumet.
  1620 | D:2      | 1620 ||| READING scroll labelled REASOMITZA.
  1621 | D:2      | 1621 ||| READING scroll labelled HISUED CEUDWANG.
  1622 | D:2      | 1622 ||| READING scroll labelled ZYPUKE ICRARUKH.
  1623 | D:2      | 1623 ||| DRINKING 2 puce potions.
  1637 | D:3      | 1637 ||| PLANNING SEWER
  1638 | D:3      | 1638 ||| STAIRDANCE
  1841 | D:3      | Noticed Pargi
  1857 | D:3      | HP: 7/28 [Pargi (3)]
  1858 | D:3      | 1858 ||| DRINKING potion of heal wounds.
  1864 | D:3      | HP: 5/28 [Pargi (7)]
  1865 | D:3      | HP: 1/28 [Pargi (5)]
  1865 | D:3      | Slain by Pargi

Levels and vault maps discovered:
D:1:      dpeg_arrival_arbitrary_b, layout_basic, ebering_ecumenical_altar_hall,
          minmay_tetromino_l2
D:2:      layout_loops_cross, basic_altar
D:3:      wander_river, layout_loops_cross, nicolae_overflow_ecumenical_swirl,
          gup_sewer_entry_bowl, serial_bayou, serial_bayou_ford_a,
          serial_bayou_pond_e, serial_bayou_pond_d, serial_bayou_lake_a,
          uniq_pargi, uniq_natasha

Skill      XL: |  1  2  3 |
---------------+----------+-----
Ranged Weapons | 5 |  5.5
Fighting       | 3 |  3.0
Dodging        | |  1.5
Stealth        | |  1.1

Action                     |  1- 3 |  4- 6 || total
---------------------------+-------+-------++-------
   Fire: Shortbow          |   129 |    88 ||   217
    Use: Scroll            |     2 |     3 ||     5
         Potion            |       |     2 ||     2
 Armour: Leather armour    |    40 |    38 ||    78
  Dodge: Dodged            |    54 |    47 ||   101

Table legend:
 A = Non-vault XP
 B = Vault XP
 C = Vault XP percentage of total XP
 D = Non-vault monster count
 E = Vault monster count
 F = Vault count percentage of total count
                 A         B        C        D         E       F
            +---------+---------+-------+---------+---------+-------
      Total |     130 |       1 |   0.8 |      49 |       1 |   2.0
            +---------+---------+-------+---------+---------+-------
        D:1 |      21 |       1 |   4.5 |      12 |       1 |   7.7
        D:2 |      89 |       0 |   0.0 |      32 |       0 |   0.0
        D:3 |      20 |       0 |   0.0 |       5 |       0 |   0.0
            +---------+---------+-------+---------+---------+-------
